 Dungeon Crawl Stone Soup version 0.24.1-14-gf8d2b509d9 (webtiles) character file.

Game seed: 15548621405941571990, levelgen mode: deterministic

3913 KlarStein the Carver (level 10, 79/79 HPs)
             Began as a Demonspawn Fighter on July 14, 2020.
             Was an Elder of Okawaru.
             Quit the game on level 8 of the Dungeon on July 19, 2020.
             The game lasted 00:36:43 (6500 turns).

KlarStein the Carver (Demonspawn Fighter)           Turns: 6500, Time: 00:36:44

Health: 79/79      AC: 16    Str: 20    XL:     10   Next: 1%
Magic:  11/11      EV:  8    Int:  9    God:    Okawaru [****..]
Gold:   523        SH: 10    Dex: 13    Spells: 9/9 levels left

rFire    + + .     SeeInvis +   a - +1 long sword
rCold    . . .     Gourm    .   c - +0 shield
rNeg     . . .     Faith    +   g - +2 ring mail {rF+}
rPois    +         Spirit   .   (no helmet)
rElec    .         Reflect  .   q - +1 cloak {rPois}
rCorr    .         Harm     .   s - +1 pair of gloves
MR       .....                  (no boots)
Stlth    +.........             o - amulet of faith
HPRegen  0.23/turn              e - ring of see invisible
MPRegen  0.12/turn              (no ring)

@: no status effects
A: claws 1, yellow scales 2, demonic guardian 1, fire resistance 1, ignite
blood, flame cloud immunity
a: Heroism, Renounce Religion


You were on level 8 of the Dungeon.
You worshipped Okawaru.
Okawaru was greatly pleased with you.
You were not hungry.

You visited 2 branches of the dungeon, and saw 9 of its levels.

You collected 523 gold pieces.

Inventory:

Hand Weapons
 a - a +1 long sword (weapon)
 n - a +1 flail of holy wrath
Missiles
 u - 69 arrows
Armour
 c - a +0 shield (worn)
 g - a +2 ring mail of fire resistance (worn)
 q - a +1 cloak of poison resistance (worn)
 s - a +1 pair of gloves (worn)
 G - a +2 cloak of invisibility
Jewellery
 e - a ring of see invisible (left hand)
 o - an amulet of faith (around neck)
Wands
 l - a wand of iceblast (11)
 y - a wand of digging (7)
 F - a wand of polymorph (5)
Scrolls
 b - 4 scrolls of teleportation
 p - 2 scrolls of immolation
 t - a scroll of remove curse
 x - 4 scrolls of identify
 E - a scroll of magic mapping
Potions
 d - 2 potions of might
 h - a potion of ambrosia
 i - 2 potions of brilliance {unknown}
 j - a potion of agility
 k - a potion of invisibility {unknown}
 m - a potion of resistance {unknown}
 r - a potion of heal wounds {unknown}
 v - a potion of lignification {unknown}
 w - a potion of flight {unknown}
 z - 3 potions of curing
 A - a potion of berserk rage {unknown}
 C - a potion of magic {unknown}
 D - a potion of haste
Comestibles
 f - 9 rations
 B - a chunk of flesh


   Skills:
 + Level 7.1 Fighting
 * Level 8.4 Long Blades
 + Level 6.5 Armour
 + Level 6.5 Shields
 - Level 2.0 Invocations


You had 9 spell levels left.
You didn't know any spells.
Your spell library was empty.

Dungeon Overview and Level Annotations

Branches:
Dungeon (8/15)             Temple (1/1) D:5
   Lair: D:8-11

Altars:
Ashenzari
Cheibriados
Dithmenos
Elyvilon
Fedhas
Gozag
Hepliaklqana
Kikubaaqudgha
Makhleb
Nemelex Xobeh
Okawaru
Qazlal
Ru
Sif Muna
Trog
Uskayaw
Vehumet
Wu Jian
Xom
Yredelemnul
Zin
The Shining One

Shops:
D:4 *


Innate Abilities, Weirdness & Mutations

You have sharp fingernails.
You are mostly covered in yellow scales. (AC +3)
A weak demonic guardian rushes to your aid.
Your flesh is heat resistant. (rF+)
Your demonic aura causes spilled blood to erupt in flames.
You are immune to clouds of flame.


Message History

You slash Maurice!
Maurice is almost dead.
Maurice is engulfed in blazing flames.
You kill Maurice!
Okawaru accepts your kill.
You have reached level 10!
Your demonic ancestry asserts itself...
Your fingernails lengthen.
F - a wand of polymorph (5)
You now have 523 gold pieces (gained 15).
Things that are here:
a +0 short sword; a +2 cloak of invisibility; the human corpse of Maurice
G - a +2 cloak of invisibility Unknown command.
Saving game... please wait.
Welcome back, KlarStein the Demonspawn Fighter.
Okawaru says: Bring me glory in combat!
Press ? for a list of commands and other information.
Autopickup is now off.
Are you sure you want to abandon this character and quit the game? (Confirm with "yes".)

#### ...$ #..#
#..### #.... #
#..##.##.
#.#####........
#....<@°.......
#######5###.###
#.# #.# #.# #.#
#.# #..


You could see a friendly white imp.

Vanquished Creatures
  Pikel (D:6)
  Maurice (D:8)
  Joseph (D:7)
  Prince Ribbit (D:7)
  Grinder (D:3)
  A hippogriff (D:7)
  Menkaure (D:6)
  Duvessa (D:7)
  A sky beast (D:5)
  An ice beast (D:7)
  A slave (D:6)
  A phantom (D:4)
  3 centaurs
  A big kobold (D:7)
  3 bullfrogs (D:6)
  3 scorpions
  Dowan (D:7)
  6 killer bees (D:7)
  A bullfrog zombie (D:5)
  A crimson imp (D:5)
  2 quasits
  A hound (D:6)
  An orc wizard (D:6)
  A gnoll shaman (D:4)
  2 orc priests (D:7)
  7 worker ants
  A hound skeleton (D:6)
  A worker ant zombie (D:5)
  8 adders
  12 gnolls
  4 oozes
  6 worms
  A dart slug (D:2)
  5 leopard geckos
  19 orcs
  6 bats
  6 giant cockroaches
  12 goblins
  3 hobgoblins
  8 jackals
  12 kobolds
  A quokka (D:5)
  6 frilled lizards
  A leopard gecko skeleton (D:4)
  2 quokka skeletons
  6 rats
165 creatures vanquished.

Vanquished Creatures (collateral kills)
  An ogre (D:6)
  A bullfrog (D:6)
  An orc (D:7)
  A jackal (D:6)
4 creatures vanquished.

Grand Total: 169 creatures vanquished

Notes
Turn   | Place    | Note
-------+----------+-------------------------------------------
     0 | D:1      | KlarStein the Demonspawn Fighter began the quest for the
                  | Orb.
     0 | D:1      | Reached XP level 1. HP: 18/18 MP: 1/1
     2 | D:1      | Noticed a dwarf
     2 | D:1      | Noticed a demigod
     4 | D:1      | Noticed a formicid
     4 | D:1      | Noticed a felid
     6 | D:1      | Noticed a merfolk
     8 | D:1      | Noticed a tengu
    10 | D:1      | Noticed a draconian
    10 | D:1      | Noticed a naga
    12 | D:1      | Noticed a minotaur
    12 | D:1      | Noticed a vine stalker
    14 | D:1      | Noticed a vampire
    16 | D:1      | Noticed a centaur
    16 | D:1      | Noticed a demonspawn
    18 | D:1      | Noticed an ogre
    18 | D:1      | Noticed an octopode
    20 | D:1      | Noticed a ghoul
    22 | D:1      | Noticed a spriggan
    22 | D:1      | Noticed a human
    24 | D:1      | Noticed a gargoyle
    24 | D:1      | Noticed a halfling
    26 | D:1      | Noticed an elf
    26 | D:1      | Noticed a troll
    90 | D:1      | Reached skill level 2 in Long Blades
   134 | D:1      | Gained mutation: Your flesh is heat resistant. (rF+)
                  | [demonic ancestry]
   134 | D:1      | Reached XP level 2. HP: 23/24 MP: 2/2
   951 | D:2      | Reached XP level 3. HP: 29/29 MP: 3/3
  1230 | D:2      | Found a sparkling altar of Nemelex Xobeh.
  1647 | D:3      | Found a snail-covered altar of Cheibriados.
  1651 | D:3      | Found a glowing silver altar of Zin.
  1653 | D:3      | Gained mutation: You are immune to clouds of flame.
                  | [demonic ancestry]
  1653 | D:3      | Reached XP level 4. HP: 35/35 MP: 4/4
  1656 | D:3      | Found a hide-covered altar of Uskayaw.
  1818 | D:3      | Reached skill level 3 in Long Blades
  1999 | D:3      | Gained mutation: Your demonic aura causes spilled blood to
                  | erupt in flames. [demonic ancestry]
  1999 | D:3      | Reached XP level 5. HP: 31/42 MP: 5/5
  2122 | D:3      | Noticed Grinder
  2132 | D:3      | Killed Grinder
  2132 | D:3      | Reached skill level 4 in Long Blades
  2132 | D:3      | Gained mutation: You are partially covered in yellow
                  | scales. (AC +2) [demonic ancestry]
  2132 | D:3      | Reached XP level 6. HP: 37/48 MP: 6/6
  2600 | D:4      | Found Jejoumm's Elemental Accessories.
  3176 | D:4      | Found a glowing golden altar of the Shining One.
  3373 | D:5      | Entered Level 5 of the Dungeon
  3383 | D:5      | Gained mutation: You are mostly covered in yellow scales.
                  | (AC +3) [demonic ancestry]
  3383 | D:5      | Reached XP level 7. HP: 55/55 MP: 7/7
  3509 | D:5      | Found a staircase to the Ecumenical Temple.
  3808 | Temple   | Entered the Ecumenical Temple
  3939 | Temple   | Became a worshipper of Warmaster Okawaru
  3963 | D:5      | Reached skill level 5 in Long Blades
  4265 | D:5      | Reached * piety under Okawaru
  4265 | D:5      | Reached skill level 5 in Fighting
  4551 | D:6      | Gained mutation: A weak demonic guardian rushes to your
                  | aid. [demonic ancestry]
  4551 | D:6      | Reached XP level 8. HP: 56/62 MP: 8/8
  4722 | D:6      | Reached skill level 6 in Long Blades
  4758 | D:6      | Reached ** piety under Okawaru
  4760 | D:6      | Reached skill level 5 in Armour
  4760 | D:6      | Reached skill level 5 in Shields
  5064 | D:6      | Noticed Pikel
  5074 | D:6      | Killed Pikel
  5074 | D:6      | Reached skill level 7 in Long Blades
  5078 | D:6      | Reached XP level 9. HP: 67/69 MP: 9/9
  5138 | D:6      | Noticed Menkaure
  5139 | D:6      | Found a hazy altar of Hepliaklqana.
  5151 | D:6      | Killed Menkaure
  5483 | D:7      | Noticed Joseph
  5490 | D:7      | Killed Joseph
  5490 | D:7      | Reached *** piety under Okawaru
  5620 | D:7      | Noticed Dowan
  5624 | D:7      | Killed Dowan
  5625 | D:7      | Noticed Duvessa
  5636 | D:7      | Killed Duvessa
  5888 | D:7      | Reached **** piety under Okawaru
  5899 | D:7      | Reached skill level 8 in Long Blades
  5899 | D:7      | Reached skill level 1 in Invocations
  6312 | D:7      | Noticed Prince Ribbit
  6327 | D:7      | Killed Prince Ribbit
  6463 | D:8      | Noticed Maurice
  6495 | D:8      | Killed Maurice
  6495 | D:8      | Gained mutation: You have sharp fingernails. [demonic
                  | ancestry]
  6495 | D:8      | Reached XP level 10. HP: 79/79 MP: 11/11
  6500 | D:8      | Quit the game

Levels and vault maps discovered:
D:1:      kb_arrival_jail, layout_basic
D:2:      layout_loops_corners, nemelex_xobeh_ov_fountains_minmay, first_ration
D:3:      layout_loops_ring, chequers_temple_overflow_statue_of_worship,
          uniq_grinder
D:4:      layout_gridville, tso_altar, nicolae_elemental_shop
D:5:      layout_cave_pools, temple_statues
D:6:      layout_loops_ring, lemuel_round_altar, minmay_starry_boxes,
          uniq_menkaure, uniq_pikel
D:7:      layout_loops_cross, enter_bailey_3, uniq_prince_ribbit1, uniq_duvessa,
          uniq_joseph
D:8:      layout_loops_cross, erik_lair_orcish_takeover, uniq_maurice
Temple:   nicolae_temple_elliptical

Skill      XL: |  1  2  3  4  5  6  7  8  9 |
---------------+----------------------------+-----
Long Blades    | 2 3 4 5 7 8 |  8.4
Armour         | 3 4 5 6 |  6.5
Shields        | 3 4 5 6 |  6.5
Fighting       | 4 5 6 7 |  7.1
Invocations    | 2 |  2.0

Action                   |  1- 3 |  4- 6 |  7- 9 | 10-12 || total
-------------------------+-------+-------+-------+-------++-------
Melee: Long sword        |   127 |   142 |   396 |       ||   665
Invok: Heroism           |       |       |     2 |       ||     2
Evoke: Wand              |       |     4 |     1 |       ||     5
  Use: Scroll            |     6 |     6 |     6 |       ||    18
       Potion            |       |     1 |     2 |       ||     3
 Stab: Distracted        |       |       |     2 |       ||     2
  Eat: Chunk             |     3 |     4 |     9 |       ||    16
       Ration            |       |       |     1 |       ||     1
Armor: Scale mail        |    34 |       |       |       ||    34
       Ring mail         |    24 |    42 |   210 |       ||   276
Dodge: Dodged            |    34 |    32 |   122 |       ||   188
Block: Shield            |    57 |    55 |   212 |       ||   324
       Rpst.: Long sword |    15 |    10 |    37 |       ||    62
